 Dungeon Crawl Stone Soup version 0.28.0-53-g5a82cb258f (webtiles) character file.

Game seed: 2054648327920906352

41 melloss the Sneak (level 3, -4/16 HPs)
             Began as a Spriggan Enchanter on June 7, 2022.
             Slain by a gnoll
             ... wielding a +0 halberd
              (5 damage)
             ... on level 2 of the Dungeon.
             The game lasted 00:04:17 (2394 turns).

melloss the Sneak (Spriggan Enchanter)              Turns: 2394, Time: 00:04:18

Health: -4/16      AC:  6    Str:  4    XL:     3   Next: 32%
Magic:  6/8        EV: 18    Int: 18    God:
Gold:   29         SH:  0    Dex: 15    Spells: 5/7 levels left

rFire   . . .      SeeInvis +   h - +0 short sword
rCold   . . .      Faith    .   (no shield)
rNeg    . . .      Spirit   .   b - +0 robe
rPois   .          Reflect  .   (helmet restricted)
rElec   .          Harm     .   (no cloak)
rCorr   .          Rampage  .   (gloves unavailable)
Will    .....                   (boots unavailable)
Stlth   +++.......              (no amulet)
HPRegen 0.05/turn               i - +4 ring of protection
MPRegen 0.11/turn               (no ring)

@: very quick
A: very small, no large weapons, unfitting armour, see invisible, speed 3
a: no special abilities


You were on level 2 of the Dungeon.
You visited 1 branch of the dungeon, and saw 2 of its levels.

You collected 29 gold pieces.

Inventory:

Hand Weapons
 a - a +1 dagger
 h - a +0 short sword (weapon)
Missiles
 l - 12 stones (quivered)
Armour
 b - a +0 robe (worn)
Jewellery
 i - a +4 ring of protection (left hand)
Scrolls
 d - a scroll of magic mapping {unknown}
 e - a scroll of fear {unknown}
 g - a scroll of holy word {unknown}
 j - 2 scrolls of teleportation {unknown}
 n - a scroll of identify {unknown}
Potions
 c - 2 potions of invisibility
 f - a potion of lignification {unknown}
 k - a potion of cancellation {unknown}
 m - a potion of curing {unknown}
 o - a potion of might {unknown}
 p - a potion of heal wounds {unknown}


   Skills:
 - Level 1.1 Short Blades
 + Level 4.0 Dodging
 + Level 5.7 Stealth
 - Level 2.6 Spellcasting
 - Level 3.6 Hexes


You had 5 spell levels left.
You knew the following spells:

 Your Spells              Type           Power      Damage    Failure   Level
a - Ensorcelled Hibernat  Hex/Ice        16%        N/A       12%         2

Your spell library contained the following spells:

 Spells                   Type           Power      Damage    Failure   Level
 Confusing Touch          Hex            15%        N/A       12%         3
 Tukima's Dance           Hex            15%        N/A       12%         3
 Dazzling Flash           Conj/Hex       16%        N/A       24%         3
 Ozocubu's Armour         Ice            2%         N/A       45%         3
 Ozocubu's Refrigeration  Ice            1%         4d5       100%        7


Dungeon Overview and Level Annotations

Branches:
Dungeon (2/15)

Altars:


Innate Abilities, Weirdness & Mutations

You are very small and have problems with some larger weapons.
You are too small for most types of armour.
You have supernaturally acute eyesight. (SInv)
You cover ground extremely quickly. (Speed+++)


Message History

Aiming: Ensorcelled Hibernation (safe; 12% risk of failure)
Press: ? - help, Shift-Dir - straight line, f/p - worm
Aim: a worm (heavily wounded, chance to affect: 50%)
The worm resists with some effort.
The worm closely misses you.
Casting: Ensorcelled Hibernation (safe; 12% risk of failure)
Confirm with . or Enter, or press ? or * to list all spells.
Aiming: Ensorcelled Hibernation (safe; 12% risk of failure)
Press: ? - help, Shift-Dir - straight line, f/p - worm
Aim: a worm (heavily wounded, chance to affect: 50%)
The worm looks drowsy...
The helpless worm fails to defend itself.
You puncture the worm!
You kill the worm!
You start resting.
Magic restored.
HP restored. 2 gnolls come into view.
Casting: Ensorcelled Hibernation (safe; 12% risk of failure)
Confirm with . or Enter, or press ? or * to list all spells.
Aiming: Ensorcelled Hibernation (safe; 12% risk of failure)
Press: ? - help, Shift-Dir - straight line, f - gnoll
Aim: a gnoll, wielding a +0 spear and quivering 2 throwing nets (wandering, hasn't noticed you, chance to affect: 50%)
The gnoll shouts!
The gnoll looks drowsy...
The gnoll shouts!
You hear a shout!
The gnoll hits you with a +0 halberd!
The helpless gnoll fails to defend itself.
You puncture the gnoll!
The gnoll is almost dead.
The gnoll completely misses you. The gnoll closely misses you.
You hit the gnoll but do no damage.
The gnoll is almost dead.
The gnoll closely misses you. The gnoll hits you with a +0 halberd!
Ouch! That really hurt!
* * * LOW HITPOINT WARNING * * *
Unknown command.
A gnoll comes into view. It is wielding a +0 flail.
The gnoll closely misses you.
The gnoll hits you from afar with a +0 halberd.
You die...

#..# ##
......#
#..##.#
#..##.#
#..##.#
#..##.#
#.###g.##.#
#....g.@..#
#g#######.#
#.# #.#
.#######.#
.........#
.#######.#
#.# #.#.#


You could see 3 gnolls.

Vanquished Creatures
  A worm (D:2)
  2 dart slugs (D:1)
  4 ball pythons
  4 endoplasms
  2 giant cockroaches (D:1)
  A goblin (D:1)
  5 hobgoblins (D:1)
  A quokka (D:2)
  4 bats
  4 frilled lizards (D:1)
  A kobold (D:1)
  4 rats
33 creatures vanquished.

Notes
Turn   | Place    | Note
-------+----------+-------------------------------------------
     0 | D:1      | melloss the Spriggan Enchanter began the quest for the Orb.
     0 | D:1      | Reached XP level 1. HP: 9/9 MP: 5/5
   591 | D:1      | Reached skill level 5 in Stealth
   591 | D:1      | Reached XP level 2. HP: 9/13 MP: 6/6
   594 | D:1      | Learned a level 2 spell: Ensorcelled Hibernation
  1321 | D:1      | Reached XP level 3. HP: 16/16 MP: 8/8
  2394 | D:2      | Slain by a gnoll

Illustrated notes

Levels and vault maps discovered:
D:1:      heliophobic_arrival_glass_houses, layout_basic
D:2:      layout_loops_ring, shapermc_ecumenical_altar_hornbeckon

Skill      XL: |  1  2  3 |
---------------+----------+-----
Dodging        | 3 4 |  4.0
Stealth        | 5 |  5.7
Short Blades   | |  1.1
Spellcasting   | |  2.6
Hexes          | |  3.6

Action                   || total
-------------------------++-------
Melee: Dagger            ||    57
       Punch             ||     4
       Short sword       ||    70
 Cast: Ensorcelled Hiber ||    16
 Stab: Sleeping          ||    20
Armor: Robe              ||     9
Dodge: Dodged            ||   102
